 Dungeon Crawl Stone Soup version 0.20-a0-513-g02c11fc (webtiles) character file.

296 Klosterheim the Slasher (level 6, -3/53 HPs)
             Began as a Draconian Warper on Jan 22, 2017.
             Was an Initiate of Okawaru.
             Killed by divine providence
             ... invoked by an orc priest
              (12 damage)
             ... on level 4 of the Dungeon.
             The game lasted 00:05:23 (3320 turns).

Klosterheim the Slasher (Draconian Warper)          Turns: 3320, Time: 00:05:24

Health: -3/53      AC:  8    Str: 13    XL:     6   Next: 12%
Magic:  5/9        EV: 14    Int: 14    God:    Okawaru [......]
Gold:   177        SH:  0    Dex: 12    Spells: 5/9 levels left

rFire    . . .     SeeInvis .   a - +0 falchion
rCold    . . .     Gourm    .   (armour unavailable)
rNeg     . . .     Faith    .   (no shield)
rPois    .         Spirit   .   (helmet restricted)
rElec    .         Reflect  .   B - +0 cloak
rCorr    .         Harm     +   (no gloves)
MR       .....                  l - +0 pair of boots
Stlth    ++........             x - amulet of harm
Regen    0.2/turn               y - ring of stealth
                                s - +2 ring of evasion

@: slowed, very slow
A: unfitting armour, cold-blooded, AC +6
a: Renounce Religion


You were on level 4 of the Dungeon.
You worshipped Okawaru.
Okawaru was noncommittal.
You were hungry.

You visited 1 branch of the dungeon, and saw 4 of its levels.

You collected 177 gold pieces.

Inventory:

Hand Weapons
 a - a +0 falchion (weapon)
Missiles
 d - 5 tomahawks of dispersal (quivered)
 w - 5 tomahawks
Armour
 l - a +0 pair of boots (worn)
 B - a +0 cloak (worn)
Jewellery
 s - a +2 ring of evasion (left hand)
 x - an amulet of harm (around neck)
 y - a ring of stealth (right hand)
Scrolls
 c - a scroll of blinking
 g - 2 scrolls of identify {unknown}
 h - 4 scrolls of teleportation {unknown}
 i - 4 scrolls of remove curse {unknown}
 j - a scroll of amnesia {unknown}
 k - 3 scrolls of recharging {unknown}
 r - a scroll of fear {unknown}
 t - a scroll of enchant armour {unknown}
Potions
 e - 4 potions of flight {unknown}
 m - a potion of ambrosia {unknown}
 n - a potion of berserk rage {unknown}
 o - 3 potions of curing {unknown}
 p - a potion of agility {unknown}
 q - a potion of heal wounds {unknown}
 u - a potion of haste {unknown}
 A - a potion of lignification {unknown}
 C - 2 potions of mutation {unknown}
Books
 b - a book of Spatial Translocations

   Spells                             Type                      Level
   a - Blink                          Translocation                2
   b - Shroud of Golubria             Charms/Translocation         2
   c - Lesser Beckoning               Translocation                3
   d - Portal Projectile              Translocation                3
   e - Teleport Other                 Translocation                3
   f - Passage of Golubria            Translocation                4
Comestibles
 f - 2 bread rations
 v - a fruit
 z - a royal jelly


   Skills:
 + Level 4.3 Fighting
 * Level 5.2 Long Blades
 - Level 1.0 Throwing
 - Level 2.2 Dodging
 - Level 2.2 Spellcasting
 - Level 3.0 Translocations


You had 5 spell levels left.
You knew the following spells:

 Your Spells              Type           Power        Failure   Level  Hunger
a - Blink                 Tloc           N/A          12%         2    ###....
b - Shroud of Golubria    Chrm/Tloc      #.........   21%         2    ###....


Dungeon Overview and Level Annotations

Branches:
Dungeon (4/15)
 Temple: D:4-7

Altars:
Fedhas
Okawaru
Uskayaw


Innate Abilities, Weirdness & Mutations

Your plain brown scales are hard. (AC +6)
You cannot fit into any form of body armour.
You are cold-blooded and may be slowed by cold attacks.


Message History

Okay, then.
Casting: Shroud of Golubria
Confirm with . or Enter, or press ? or * to list all spells.
You don't know that spell.
Casting: Shroud of Golubria
Confirm with . or Enter, or press ? or * to list all spells.
You blink.
The orc priest invokes the aid of Beogh against you.
You barely resist.
The orc wizard hits you but does no damage.
The orc priest looks satisfied for a moment.
The orc wizard barely misses you.
You riposte.
You hit the orc wizard.
You tail-slap the orc wizard, but do no damage.
The orc wizard is moderately wounded.
Casting: Blink
Confirm with . or Enter, or press ? or * to list all spells.
You blink.
The orc priest invokes the aid of Beogh against you.
Beogh smites you!
You die...

#.... #...# #...#
#...## #.... #
######...##.#.#
..............#
#.......@# #
###.###..#.###.###
.........o........
#.###§..........
####.###o#####...##
......†)..........#
####<###.....#....#
#####.##.#.#
#.##.#.#


You could see an orc priest and an orc wizard.

Vanquished Creatures
  An ogre (D:4)
  A hound (D:3)
  A hound skeleton (D:4)
  3 gnolls (D:3)
  3 adders
  3 worms (D:2)
  2 dart slugs
  6 leopard geckos
  5 orcs
  5 giant cockroaches
  9 goblins
  10 hobgoblins
  9 jackals
  6 kobolds
  2 ball pythons (D:2)
  7 bats
  3 frilled lizards
  6 rats
82 creatures vanquished.

Vanquished Creatures (others)
  A rat (D:3)
1 creature vanquished.

Grand Total: 83 creatures vanquished

Notes
Turn   | Place    | Note
-------+----------+-------------------------------------------
     0 | D:1      | Klosterheim the Draconian Warper began the quest for the Orb.
     0 | D:1      | Reached XP level 1. HP: 17/17 MP: 3/3
    16 | D:1      | Reached skill level 1 in Throwing
   105 | D:1      | Reached XP level 2. HP: 14/24 MP: 5/5
   650 | D:2      | Reached skill level 3 in Long Blades
   650 | D:2      | Reached XP level 3. HP: 14/30 MP: 6/6
  1627 | D:2      | Reached XP level 4. HP: 32/38 MP: 7/7
  1933 | D:2      | Found an iron altar of Okawaru.
  1933 | D:2      | Found a hide-covered altar of Uskayaw.
  1943 | D:2      | Became a worshipper of Warmaster Okawaru
  2128 | D:3      | Reached skill level 4 in Long Blades
  2298 | D:3      | Reached XP level 5. HP: 41/45 MP: 8/8
  2324 | D:3      | Learned a level 2 spell: Blink
  2327 | D:3      | Learned a level 2 spell: Shroud of Golubria
  2398 | D:3      | Found a blossoming altar of Fedhas.
  3287 | D:4      | Noticed an ogre
  3300 | D:4      | Killed an ogre
  3300 | D:4      | Reached skill level 5 in Long Blades
  3300 | D:4      | Reached XP level 6. HP: 53/53 MP: 7/9
  3320 | D:4      | Killed from afar by an orc priest

Vault maps used:
D:1:      minmay_arrival_glassed_features
D:2:      gammafunk_temple_overflow_wave
D:3:      fedhas_altar_2, first_bread
D:4:      minmay_misc_feat_x, kennysheep_generic_room_16, uniq_edmund,
          uniq_purgy, uniq_natasha

Skill      XL: |  1  2  3  4  5 |
---------------+----------------+-----
Throwing       | 1 |  1.0
Long Blades    | 3 4 5 |  5.2
Fighting       | 3 4 |  4.3
Dodging        | |  2.2
Spellcasting   | |  2.2
Translocations | |  3.0

Action                   |  1- 3 |  4- 6 || total
-------------------------+-------+-------++-------
Melee: Falchion          |   124 |   179 ||   303
       Tailslap          |    17 |    23 ||    40
 Cast: Shroud of Golubri |       |     3 ||     3
       Blink             |       |     2 ||     2
 Stab: Sleeping          |       |     1 ||     1
  Eat: Chunk             |     2 |     6 ||     8
Armor: Skin              |    46 |    73 ||   119
Dodge: Dodged            |    94 |   171 ||   265
       Rpst.: Falchion   |    34 |    58 ||    92
